 Dungeon Crawl Stone Soup version 0.31-a0-1074-g0b22e4e0f1 (webtiles) character file.

Game seed: 10395027471330702922

91 tbh1313 the Cudgeller (level 4, 0/72 HPs)
             Began as an Ogre Berserker on Nov 30, 2023.
             Was a Believer of Trog.
             Slain by an orc
             ... wielding a +0 falchion
              (5 damage)
             ... on level 3 of the Dungeon.
             The game lasted 00:04:46 (2243 turns).

tbh1313 the Cudgeller (Ogre Berserker)              Turns: 2243, Time: 00:04:46

Health: 0/72       AC:  3    Str: 21    XL:     4   Next: 57%
Magic:  13/13      EV: 10    Int:  8    God:    Trog [**....]
Gold:   139        SH:  0    Dex: 10    Spells: 3/3 levels left

rFire   . . .        a - +0 mace
rCold   . . .        (no shield)
rNeg    . . .        b - +0 animal skin
rPois   .            (helmet restricted)
rElec   .            (no cloak)
rCorr   .            (gloves unavailable)
SInv    .            (boots unavailable)
Will    .....        (no amulet)
Stlth   x              - ring of magical power
HPRegen 0.32/turn    (no ring)
MPRegen 0.13/turn

%: no passive effects
@: berserking (expiring), very quick
A: large, unfitting armour, tough skin 1
a: Renounce Religion, Berserk, Trog's Hand


You were on level 3 of the Dungeon.
You worshipped Trog.
Trog was pleased with you.
You visited 1 branch of the dungeon, and saw 3 of its levels.

You collected 139 gold pieces.

Inventory:

Hand Weapons
 a - a +0 mace (weapon)
 t - a +2 war axe of electrocution
Missiles
 e - 13 stones (quivered)
Armour
 b - a +0 animal skin (worn)
Jewellery
 j - a ring of ice
 x - a ring of magical power (left hand)
 y - a ring of magical power
Scrolls
 c - 2 scrolls of noise {unknown}
 d - a scroll of torment {unknown}
 f - a scroll of blinking {unknown}
 i - 2 scrolls of teleportation {unknown}
 l - 2 scrolls of fog {unknown}
 m - a scroll of enchant weapon {unknown}
 n - a scroll of butterflies {unknown}
 p - a scroll of fear {unknown}
 q - a scroll of brand weapon {unknown}
 r - a scroll of enchant armour {unknown}
 v - 2 scrolls of identify {unknown}
Potions
 g - a potion of haste {unknown}
 h - 2 potions of might {unknown}
 k - 2 potions of degeneration {unknown}
 o - a potion of magic {unknown}
 s - a potion of curing {unknown}
 u - a potion of cancellation {unknown}
 w - 2 potions of enlightenment {unknown}
 z - a potion of brilliance {unknown}


   Skills:
 - Level 4.0 Fighting
 * Level 4.1 Maces & Flails
 + Level 1.1 Throwing
 + Level 3.3 Dodging


You had 3 spell levels left.
You didn't know any spells.
Your spell library contained the following spells:

 Spells                   Type           Power      Damage    Failure   Level
 Freeze                   Ice            0%         1d3       41%         1
 Magic Dart               Conj           0%         1d3       41%         1
 Searing Ray              Conj           0%         2d4       54%         2
 Frozen Ramparts          Ice            0%         1d1       78%         3
 Gell's Gravitas          Tloc           0%         N/A       78%         3
 Hailstorm                Conj/Ice       0%         3d3       78%         3
 Teleport Other           Tloc           0%         N/A       78%         3
 Fulminant Prism          Conj/Hex       0%         3d5       99%         4
 Dispersal                Tloc           0%         N/A       100%        6


Dungeon Overview and Level Annotations

Branches:
Dungeon (3/15)

Altars:


Innate Abilities, Weirdness & Mutations

You are too large for most types of armour.
You have tough skin. (AC +1)


Message History

The kobold hits you with a +0 dagger. The orc misses you.
You closely miss the orc. The dart slug launches a dart at you.
The slug dart hits you. The orc barely misses you.
The kobold hits you but does no damage.
You barely miss the orc. You closely miss the orc.
The orc hits you with a +0 falchion. The orc hits you but does no damage.
The orc hits you with a +0 short sword. The kobold misses you.
The dart slug launches a dart at you. The slug dart hits you.
You sock the dart slug!
You kill the dart slug!
Trog accepts your kill. The orc hits you with a +0 falchion.
The orc barely misses you. x2
The kobold closely misses you.
You barely miss the orc. The orc barely misses you. x2
The orc closely misses you. The kobold hits you with a +0 dagger.
You hit the orc.
The orc is heavily wounded.
The orc hits you with a +0 falchion. The orc barely misses you.
The kobold hits you with a +0 dagger. The orc hits you with a +0 short sword.
You hit the orc.
You kill the orc!
Trog accepts your kill. The orc hits you with a +0 hand axe.
* * * LOW HITPOINT WARNING * * *
The kobold hits you with a +0 dagger.
* * * LOW HITPOINT WARNING * * *
The orc hits you with a +0 falchion.
* * * LOW HITPOINT WARNING * * *
You hit the kobold.
You kill the kobold!
Trog accepts your kill.
You hit the orc.
The orc is heavily wounded.
The orc hits you with a +0 hand axe.
* * * LOW HITPOINT WARNING * * *
The orc hits you with a +0 falchion.
You die...

.#
..####.##...PP~...†.
.# #...PPP~~~~P....
.# #.#~~~♣♣~♣~~....
## #.#.PP♣♣♣♣P~~...
+ #########.#P~♣♣
♣♣~P... #
#.........#P~P
♣~P... #
#.......<#.P~~♣
~P~... .
####.....#.#.P~P~
~~....
#.#o@o......PP #
#)#o#####~P. #.....
.# ...#+## . #...
#.. #.. #..


You could see 3 orcs.

Levels and vault maps discovered:
D:1:      minmay_arrival_glassed_features, layout_loops_ring
D:2:      layout_loops_ring, dreamdust_ecumenical_altar_grove,
          grunt_ministairs_7
D:3:      layout_basic, chequers_serial_rivers_room_b, st_stairs_3,
          serial_bayou_pond_c

Notes
Turn   | Place    | Note
-------+----------+-------------------------------------------
     0 | D:1      | tbh1313 the Ogre Berserker began the quest for the Orb.
     0 | D:1      | Reached XP level 1. HP: 24/24 MP: 1/1
    99 | D:1      | Reached XP level 2. HP: 19/32 MP: 2/2
   369 | D:1      | Reached XP level 3. HP: 36/39 MP: 3/3
  1282 | D:2      | Reached XP level 4. HP: 48/48 MP: 4/4
  1359 | D:2      | Found a faded altar of an unknown god.
  1690 | D:2      | Reached ** piety under Trog
  2052 | D:3      | Reached skill level 1 in Throwing
  2243 | D:3      | HP: 5/72 [orc/+0 hand axe (6)]
  2243 | D:3      | Slain by an orc

Table legend: (Time is in decaauts)
 A = Elapsed time spent in this place.
 B = Non-inter-level travel time spent in this place.
 C = Inter-level travel time spent in this place.
 D = Time resting spent in this place.
 E = Time spent auto-exploring this place.
 F = Levels seen in this place.
 G = Mean time per level.
                   A        B        C        D        E       F      G
               +--------+--------+--------+--------+--------+-----+--------+
         Total |   2306 |   2232 |     74 |    200 |   1632 |   3 |  768.7 |
       Dungeon |   2306 |   2232 |     74 |    200 |   1632 |   3 |  768.7 |
               +--------+--------+--------+--------+--------+-----+--------+

Top non-repeatable levels by time:
     D:2: 1108 daAuts
     D:1: 957 daAuts
     D:3: 239 daAuts

Table legend:
 A = Kills in this place as a percentage of kills in the entire game.
 B = Kills by you in this place as a percentage of kills by you in the entire game.
 C = Kills by friends in this place as a percentage of kills by friends in the entire game.
 D = Other kills in this place as a percentage of other kills in the entire game.
 E = Experience gained in this place as a percentage of experience gained in the entire game.
 F = Experience gained in this place divided by the number of levels of this place that you have seen.
                   A       B       C       D       E      F
               +-------+-------+-------+-------+-------+----------------------
         Total | 100.0 | 100.0 |   N/A |   N/A | 100.0 |  43.3
       Dungeon | 100.0 | 100.0 |   N/A |   N/A | 100.0 |  43.3
               +-------+-------+-------+-------+-------+----------------------

Action                     |  1- 3 |  4- 6 || total
---------------------------+-------+-------++-------
  Melee: Mace              |   102 |    67 ||   169
  Throw: Stone             |     1 |       ||     1
 Invoke: Berserk           |     3 |     1 ||     4
   Stab: Sleeping          |     1 |     1 ||     2
 Armour: Animal skin       |    78 |    50 ||   128
  Dodge: Dodged            |    48 |    42 ||    90

Vanquished Creatures
  A gnoll (D:1)
  2 adders (D:2)
  A dart slug (D:3)
  3 worms (D:2)
  An orc (D:3)
  5 endoplasms
  3 giant cockroaches
  4 goblins
  7 hobgoblins
  2 quokkas
  3 ball pythons
  3 bats
  6 frilled lizards
  6 kobolds
  4 rats
51 creatures vanquished.
